| TOP OF THE 1ST |
|
Columbus Clippers batting - Pitching for Charlotte Knights : RHP Yee Li
|
|
Pitching: RHP Yee Li
|
|
|
Batting: LHB John Harring
|
0-0: Ball 1-0: Bunt for hit to 2L - play at first, batter safe!
|
|
Batting: RHB Greg Harden
|
0-0: Called Strike John Harring steals 2nd base 0-1: Ball 1-1: Foul Ball, location: 2F 1-2: 2-RUN HOME RUN (Flyball, 7D, EV 103.1 MPH), Distance : 373 ft
|
|
Batting: SHB Jonathan DeFranco
|
0-0: Ball 1-0: Ball 2-0: Ball 3-0: Called Strike 3-1: Swinging Strike 3-2: Base on Balls
|
|
Batting: SHB Mike Gross
|
0-0: Ball Jonathan DeFranco steals 2nd base 1-0: Ground out 1-3 (Groundball, 13S, EV 65.0 MPH) Jonathan DeFranco to third
|
|
Batting: LHB Justin Rankin
|
0-0: Ground out 4-3 (Groundball, 4MD, EV 84.4 MPH) Jonathan DeFranco scores
|
|
Batting: RHB Ryan Gautney
|
0-0: Ball 1-0: Called Strike 1-1: Ball 2-1: Ground out 6-3 (Groundball, P, EV 86.3 MPH)
|
| Top of the 1st over - 3 runs, 2 hits, 0 errors, 0 left on base; Columbus 3 - Charlotte 0 |
| BOTTOM OF THE 1ST |
|
Charlotte Knights batting - Pitching for Columbus Clippers : RHP Ben Cole
|
|
Pitching: RHP Ben Cole
|
|
|
Batting: LHB Hirakito Herring
|
0-0: Ball 1-0: Foul Ball, location: 2F 1-1: Foul Ball, location: 2F 1-2: Ball 2-2: Foul Ball, location: 2F 2-2: Foul Ball, location: 2F 2-2: Strikes out swinging
|
|
Batting: RHB Jeff Brower
|
0-0: Ball 1-0: Fly out, F1 (Line Drive, P, EV 60.6 MPH)
|
|
Batting: LHB Sonny Flood
|
0-0: Ball 1-0: Called Strike 1-1: Foul Ball, location: 2F 1-2: Fly out, F6 (Flyball, 4MD, EV 88.8 MPH)
|
| Bottom of the 1st over - 0 runs, 0 hits, 0 errors, 0 left on base; Columbus 3 - Charlotte 0 |
| TOP OF THE 2ND |
|
Columbus Clippers batting - Pitching for Charlotte Knights : RHP Yee Li
|
|
Batting: RHB David Schweitzer
|
0-0: Reached via error on a dropped throw from 3B, E3 (Groundball, 56S, EV 65.6 MPH)
|
|
Batting: LHB Jeremy DiGenova
|
0-0: Called Strike 0-1: Ball 1-1: Foul Ball, location: 2F 1-2: Foul Ball, location: 2F 1-2: Fly out, F4 (Line Drive, 4, EV 71.3 MPH)
|
|
Batting: RHB Gashie Chimsima
|
0-0: Ball 1-0: TRIPLE (Line Drive, 8RXD, EV 104.4 MPH) David Schweitzer scores
|
|
Batting: LHB John Harring
|
0-0: Ball 1-0: Foul Ball, location: 2F 1-1: SINGLE (Groundball, 34D, EV 108.1 MPH) (infield hit) Gashie Chimsima scores
|
|
Batting: RHB Greg Harden
|
0-0: Foul Ball, location: 2F 0-1: Called Strike 0-2: Grounds into double play, 6-4-3 (Groundball, 6, EV 86.9 MPH)
|
| Top of the 2nd over - 2 runs, 2 hits, 1 error, 0 left on base; Columbus 5 - Charlotte 0 |
| BOTTOM OF THE 2ND |
|
Charlotte Knights batting - Pitching for Columbus Clippers : RHP Ben Cole
|
|
Batting: LHB Jorge Rosales
|
0-0: Foul Ball, location: 2F 0-1: Ground out 6-3 (Groundball, 6M, EV 84.4 MPH)
|
|
Batting: LHB Brian Dickeson
|
0-0: Ball 1-0: Ball 2-0: Ball 3-0: Called Strike 3-1: Called Strike 3-2: Base on Balls
|
|
Batting: RHB Will Washburn
|
0-0: Ball Wild Pitch! Brian Dickeson to second 1-0: Ball 2-0: DOUBLE (Line Drive, 8RD, EV 90.6 MPH) Brian Dickeson scores
|
|
Batting: RHB Erik Christensen
|
0-0: Ball 1-0: SINGLE (Groundball, 6MD, EV 90.0 MPH) (infield hit) Will Washburn to third
|
|
Batting: RHB Harvey Harvey
|
0-0: Called Strike Erik Christensen steals 2nd base 0-1: Ball 1-1: Ball 2-1: Ball 3-1: Foul Ball, location: 2F 3-2: Foul Ball, location: 2F 3-2: Foul Ball, location: 2F 3-2: Foul Ball, location: 2F 3-2: Ground out 6-3 (Groundball, 56, EV 91.3 MPH) Will Washburn scores
|
|
Batting: RHB Jeff Cox
|
0-0: Ball 1-0: Called Strike 1-1: Ball 2-1: Called Strike 2-2: Foul Ball, location: 2F 2-2: SINGLE (Groundball, 4, EV 95.0 MPH) Erik Christensen to third Runner from 3rd tries for Home, SAFE, throw by RF to home
|
|
Batting: LHB Hirakito Herring
|
0-0: Ball 1-0: Ball 2-0: Swinging Strike 2-1: Ball 3-1: Ground out 1-3 (Groundball, 34S, EV 70.6 MPH)
|
| Bottom of the 2nd over - 3 runs, 3 hits, 0 errors, 1 left on base; Columbus 5 - Charlotte 3 |
| TOP OF THE 3RD |
|
Columbus Clippers batting - Pitching for Charlotte Knights : RHP Yee Li
|
|
Batting: SHB Jonathan DeFranco
|
0-0: Called Strike 0-1: Ground out 6-3 (Groundball, 6, EV 86.3 MPH)
|
|
Batting: SHB Mike Gross
|
0-0: Called Strike 0-1: Swinging Strike 0-2: Strikes out swinging
|
|
Batting: LHB Justin Rankin
|
0-0: Ground out U3 (Groundball, 34S, EV 89.4 MPH)
|
| Top of the 3rd over - 0 runs, 0 hits, 0 errors, 0 left on base; Columbus 5 - Charlotte 3 |
| BOTTOM OF THE 3RD |
|
Charlotte Knights batting - Pitching for Columbus Clippers : RHP Ben Cole
|
|
Batting: RHB Jeff Brower
|
0-0: Called Strike 0-1: Ball 1-1: SINGLE (Groundball, 6D, EV 106.9 MPH)
|
|
Batting: LHB Sonny Flood
|
0-0: Ball 1-0: Ball 2-0: Called Strike 2-1: Swinging Strike 2-2: Foul Ball, location: 2F 2-2: Ball 3-2: Base on Balls Jeff Brower to second
|
|
Batting: LHB Jorge Rosales
|
0-0: Ball 1-0: Foul Ball, location: 2F 1-1: Foul Ball, location: 2F 1-2: Ball 2-2: Strikes out swinging
|
|
Batting: LHB Brian Dickeson
|
0-0: Ball 1-0: Ball 2-0: Ball 3-0: Called Strike 3-1: Base on Balls Jeff Brower to third Sonny Flood to second
|
|
Batting: RHB Will Washburn
|
0-0: Foul Ball, location: 2F 0-1: Ball 1-1: Foul Ball, location: 2F 1-2: Fly out, F9 (Line Drive, 9D, EV 99.4 MPH) Runner from 3rd tags up, SCORES, no throw by RF
|
|
Batting: RHB Erik Christensen
|
0-0: Ground out 5-3 (Groundball, 56, EV 98.8 MPH)
|
| Bottom of the 3rd over - 1 run, 1 hit, 0 errors, 2 left on base; Columbus 5 - Charlotte 4 |
| TOP OF THE 4TH |
|
Columbus Clippers batting - Pitching for Charlotte Knights : RHP Yee Li
|
|
Batting: RHB Ryan Gautney
|
0-0: Ball 1-0: Foul Ball, location: 2F 1-1: Swinging Strike 1-2: Foul Ball, location: 2F 1-2: Ball 2-2: Strikes out swinging
|
|
Batting: RHB David Schweitzer
|
0-0: Ground out 1-3 (Groundball, 34S, EV 70.0 MPH)
|
|
Batting: LHB Jeremy DiGenova
|
0-0: Ball 1-0: Ball 2-0: Foul Ball, location: 2F 2-1: SINGLE (Flyball, 34D, EV 86.3 MPH)
|
|
Batting: RHB Gashie Chimsima
|
0-0: Ball 1-0: Ground out 5-3 (Groundball, 56S, EV 88.8 MPH)
|
| Top of the 4th over - 0 runs, 1 hit, 0 errors, 1 left on base; Columbus 5 - Charlotte 4 |
| BOTTOM OF THE 4TH |
|
Charlotte Knights batting - Pitching for Columbus Clippers : RHP Ben Cole
|
|
Batting: RHB Harvey Harvey
|
0-0: Ground out 5-3 (Groundball, 56, EV 93.1 MPH)
|
|
Batting: RHB Jeff Cox
|
0-0: Ground out 5-3 (Groundball, 56S, EV 90.6 MPH)
|
|
Batting: LHB Hirakito Herring
|
0-0: Swinging Strike 0-1: Ball 1-1: Called Strike 1-2: Strikes out swinging
|
| Bottom of the 4th over - 0 runs, 0 hits, 0 errors, 0 left on base; Columbus 5 - Charlotte 4 |
| TOP OF THE 5TH |
|
Columbus Clippers batting - Pitching for Charlotte Knights : RHP Yee Li
|
|
Batting: LHB John Harring
|
0-0: Called Strike 0-1: Bunt for hit to 2L - play at first, batter safe!
|
|
Batting: RHB Greg Harden
|
0-0: Called Strike 0-1: SINGLE (Groundball, 4MD, EV 103.8 MPH) John Harring to second
|
|
Pitching: RHP Pedro Duran
|
|
|
Batting: SHB Jonathan DeFranco
|
0-0: Called Strike 0-1: Foul Ball, location: 2F 0-2: Foul Ball, location: 2F 0-2: Ball 1-2: Ball 2-2: Ball 3-2: Strikes out swinging
|
|
Batting: SHB Mike Gross
|
0-0: Ball 1-0: Called Strike 1-1: Called Strike 1-2: Ball 2-2: Ball 3-2: Base on Balls John Harring to third Greg Harden to second
|
|
Batting: LHB Justin Rankin
|
0-0: Ball 1-0: SINGLE (Groundball, 34, EV 99.4 MPH) John Harring scores Greg Harden to third Mike Gross to second
|
|
Batting: RHB Ryan Gautney
|
0-0: Ball 1-0: Ball 2-0: Called Strike 2-1: Fly out, F8 (Flyball, 8LM, EV 93.1 MPH) Runner from 3rd tags up, OUT at HOME! 8-2
|
| Top of the 5th over - 1 run, 3 hits, 0 errors, 2 left on base; Columbus 6 - Charlotte 4 |
| BOTTOM OF THE 5TH |
|
Charlotte Knights batting - Pitching for Columbus Clippers : RHP Ben Cole
|
|
Batting: RHB Jeff Brower
|
0-0: Ball 1-0: DOUBLE (Line Drive, 3D, EV 103.1 MPH)
|
|
Batting: LHB Sonny Flood
|
0-0: Ball 1-0: Called Strike 1-1: Ball 2-1: Swinging Strike 2-2: Ball 3-2: Foul Ball, location: 2F 3-2: Strikes out swinging
|
|
Batting: LHB Jorge Rosales
|
0-0: Called Strike 0-1: Swinging Strike 0-2: Ball 1-2: Foul Ball, location: 2F 1-2: Ball 2-2: Strikes out swinging
|
|
Batting: LHB Brian Dickeson
|
0-0: Called Strike 0-1: Ball 1-1: Ball 2-1: Ground out 4-3 (Groundball, 4, EV 87.5 MPH)
|
| Bottom of the 5th over - 0 runs, 1 hit, 0 errors, 1 left on base; Columbus 6 - Charlotte 4 |
| TOP OF THE 6TH |
|
Columbus Clippers batting - Pitching for Charlotte Knights : RHP Pedro Duran
|
|
Batting: RHB David Schweitzer
|
0-0: Called Strike 0-1: Ball 1-1: Fly out, F8 (Flyball, 8LD, EV 94.4 MPH)
|
|
Batting: LHB Jeremy DiGenova
|
0-0: Called Strike 0-1: Ball 1-1: Foul Ball, location: 2F 1-2: Ball 2-2: Ball 3-2: Base on Balls
|
|
Batting: RHB Gashie Chimsima
|
0-0: Ball 1-0: Foul Ball, location: 2F 1-1: Called Strike 1-2: Ball 2-2: Ball 3-2: Base on Balls Jeremy DiGenova to second
|
|
Batting: LHB John Harring
|
0-0: Called Strike 0-1: Swinging Strike 0-2: Ball 1-2: Fly out, F9 (Flyball, 89D, EV 100.6 MPH)
|
|
Batting: RHB Greg Harden
|
0-0: Ball 1-0: Ball 2-0: Called Strike 2-1: Single, Error in OF, E9, batter to second base (Line Drive, 9S, EV 91.9 MPH) Jeremy DiGenova scores Gashie Chimsima to third
|
|
Pitching: LHP Joel Campbell
|
|
|
Batting: SHB Jonathan DeFranco
|
0-0: Ball 1-0: Called Strike 1-1: Swinging Strike 1-2: Ball 2-2: Foul Ball, location: 2F 2-2: Ball 3-2: Base on Balls
|
|
Batting: SHB Mike Gross
|
0-0: Swinging Strike 0-1: Fly out, F9 (Flyball, 9D, EV 95.6 MPH)
|
| Top of the 6th over - 1 run, 1 hit, 1 error, 3 left on base; Columbus 7 - Charlotte 4 |
| BOTTOM OF THE 6TH |
|
Charlotte Knights batting - Pitching for Columbus Clippers : RHP Ben Cole
|
|
Batting: RHB Will Washburn
|
0-0: Ball 1-0: Ball 2-0: Ball 3-0: Base on Balls
|
|
Pitching: RHP Bob Lattin
|
|
|
Batting: RHB Erik Christensen
|
0-0: Ball 1-0: Fly out, F8 (Flyball, 8LD, EV 95.0 MPH)
|
|
Batting: RHB Harvey Harvey
|
0-0: Swinging Strike 0-1: Ball 1-1: SINGLE (Groundball, 5S, EV 71.9 MPH) (infield hit) Will Washburn to second
|
|
Batting: RHB Jeff Cox
|
0-0: Ball 1-0: Ball 2-0: Called Strike 2-1: TRIPLE (Flyball, 78XD, EV 93.1 MPH) Will Washburn scores Harvey Harvey scores
|
|
Batting: LHB Hirakito Herring
|
0-0: Ball 1-0: Ball 2-0: 2-RUN HOME RUN (Flyball, 9D, EV 96.9 MPH), Distance : 356 ft
|
|
Pitching: RHP Brian Hill
|
|
|
Batting: RHB Jeff Brower
|
0-0: Ball 1-0: Ball 2-0: Ball 3-0: Base on Balls
|
|
Batting: LHB Sonny Flood
|
0-0: Called Strike 0-1: Ball Jeff Brower steals 2nd base 1-1: Ball 2-1: Foul Ball, location: 2F 2-2: SINGLE (Line Drive, 6M, EV 95.0 MPH) Jeff Brower to third Runner from 3rd tries for Home, throw by CF and OUT! 8-2
|
|
Batting: LHB Jorge Rosales
|
0-0: Called Strike 0-1: SINGLE (Groundball, 6MD, EV 109.4 MPH) Sonny Flood to second Runner from 2nd tries for 3rd, SAFE, throw by CF made to third Jorge Rosales to second
|
|
Batting: LHB Brian Dickeson
|
0-0: Called Strike 0-1: Called Strike 0-2: Ball 1-2: Strikes out swinging
|
| Bottom of the 6th over - 4 runs, 5 hits, 0 errors, 2 left on base; Columbus 7 - Charlotte 8 |
| TOP OF THE 7TH |
|
Columbus Clippers batting - Pitching for Charlotte Knights : LHP Joel Campbell
|
|
Batting: LHB Justin Rankin
|
0-0: Foul Ball, location: 2F 0-1: Foul Ball, location: 2F 0-2: Ball 1-2: Strikes out swinging
|
|
Batting: RHB Ryan Gautney
|
0-0: Called Strike 0-1: DOUBLE (Line Drive, 78D, EV 113.1 MPH)
|
|
Batting: RHB David Schweitzer
|
0-0: Fly out, F4 (Line Drive, 4, EV 65.0 MPH) Lined into DP, 4-6 (Line Drive, 4, EV 70.0 MPH)
|
| Top of the 7th over - 0 runs, 1 hit, 0 errors, 0 left on base; Columbus 7 - Charlotte 8 |
| BOTTOM OF THE 7TH |
|
Charlotte Knights batting - Pitching for Columbus Clippers : RHP Brian Hill
|
|
Batting: RHB Will Washburn
|
0-0: Called Strike 0-1: Reached on error, E4 (Groundball, 4, EV 83.8 MPH)
|
|
Batting: RHB Erik Christensen
|
0-0: Bunted foul 0-1: Sac Bunt to 15S - play at first, batter OUT! 1-4 Will Washburn to second
|
|
Batting: RHB Harvey Harvey
|
0-0: Ball 1-0: Ball 2-0: SINGLE (Groundball, 6S, EV 73.1 MPH) (infield hit) Will Washburn to third
|
|
Batting: RHB Jeff Cox
|
0-0: Grounds into double play, 4-6-3 (Groundball, 4, EV 83.8 MPH)
|
| Bottom of the 7th over - 0 runs, 1 hit, 1 error, 1 left on base; Columbus 7 - Charlotte 8 |
| TOP OF THE 8TH |
|
Columbus Clippers batting - Pitching for Charlotte Knights : LHP Joel Campbell
|
|
Now in LF: Casey Quinones
|
|
|
Batting: LHB Jeremy DiGenova
|
0-0: Ground out 6-3 (Groundball, 6S, EV 68.8 MPH)
|
|
Batting: RHB Gashie Chimsima
|
0-0: Ball 1-0: Ball 2-0: Ball 3-0: Base on Balls
|
|
Pinch Hitting: RHB Nick Murray
|
0-0: Called Strike 0-1: Fielders Choice at 2nd, 1-6 (Groundball, 13, EV 65.6 MPH)
|
|
Pitching: RHP Jon Huizenga
|
|
|
Batting: RHB Greg Harden
|
0-0: Swinging Strike 0-1: Ball 1-1: Foul Ball, location: 2F 1-2: Strikes out swinging
|
| Top of the 8th over - 0 runs, 0 hits, 0 errors, 1 left on base; Columbus 7 - Charlotte 8 |
| BOTTOM OF THE 8TH |
|
Charlotte Knights batting - Pitching for Columbus Clippers : RHP Brian Hill
|
|
Now in CF: Danny White
|
|
|
Batting: LHB Hirakito Herring
|
0-0: Ball 1-0: Called Strike 1-1: Ball 2-1: Called Strike 2-2: SINGLE (Groundball, 34S, EV 63.8 MPH) (infield hit)
|
|
Batting: RHB Jeff Brower
|
0-0: Swinging Strike 0-1: Ball 1-1: Foul Ball, location: 2F 1-2: Fly out, F9 (Line Drive, 9, EV 89.4 MPH)
|
|
Batting: LHB Sonny Flood
|
0-0: Ball Hirakito Herring steals 2nd base 1-0: SINGLE (Flyball, 3D, EV 96.3 MPH) Hirakito Herring to third
|
|
Batting: LHB Jorge Rosales
|
0-0: Ball 1-0: Called Strike 1-1: Ball 2-1: Foul Ball, location: 2F 2-2: Fielders Choice at 2nd, 6-4 (Groundball, 56, EV 100.6 MPH) Hirakito Herring scores
|
|
Batting: RHB Casey Quinones
|
0-0: Ball 1-0: Fly out, F3 (Popup, 23F, EV 76.3 MPH)
|
| Bottom of the 8th over - 1 run, 2 hits, 0 errors, 1 left on base; Columbus 7 - Charlotte 9 |
| TOP OF THE 9TH |
|
Columbus Clippers batting - Pitching for Charlotte Knights : RHP Jon Huizenga
|
|
Pitching: RHP Jerry JimAnez
|
|
|
Batting: SHB Jonathan DeFranco
|
0-0: Swinging Strike 0-1: Ball 1-1: Called Strike 1-2: Foul Ball, location: 2F 1-2: Foul Ball, location: 2F 1-2: Foul Ball, location: 2F 1-2: Strikes out looking
|
|
Batting: SHB Mike Gross
|
0-0: Called Strike 0-1: Foul Ball, location: 2F 0-2: Strikes out swinging
|
|
Batting: LHB Justin Rankin
|
0-0: Ball 1-0: SINGLE (Groundball, 6MD, EV 102.5 MPH)
|
|
Batting: RHB Ryan Gautney
|
0-0: Ball 1-0: Foul Ball, location: 2F 1-1: Called Strike 1-2: Strikes out swinging
|
| Top of the 9th over - 0 runs, 1 hit, 0 errors, 1 left on base; Columbus 7 - Charlotte 9 |
|